 Dungeon Crawl Stone Soup version 0.20.1-1-g8b1a95d (webtiles) character file.

785 slep the Skirmisher (level 7, -6/62 HPs)
             Began as a Hill Orc Abyssal Knight on Oct 24, 2017.
             Was a Priest of Lugonu.
             Killed by divine providence
             ... invoked by an orc priest
              (12 damage)
             ... on level 5 of the Dungeon.
             The game lasted 00:17:35 (3167 turns).

slep the Skirmisher (Hill Orc Abyssal Knight)       Turns: 3167, Time: 00:17:35

Health: -6/62      AC:  8    Str: 15      XL:     7   Next: 86%
Magic:  0/9        EV: 12    Int: 12      God:    Lugonu [***...]
Gold:   317        SH:  0    Dex: 10 (12) Spells: 6/6 levels left

rFire    + . .     SeeInvis .   u - +2 spear (venom)
rCold    . . .     Gourm    .   (no shield)
rNeg     . . .     Faith    .   b - +0 leather armour
rPois    .         Spirit   +   i - +0 helmet
rElec    .         Reflect  .   l - +0 cloak
rCorr    .         Harm     .   o - +0 pair of gloves
MR       .....                  A - +0 pair of boots
Stlth    ..........             x - amulet of guardian spirit
Regen    0.2/turn               g - ring of protection from fire
MPRegen  0.2/turn               t - ring of loudness (curse)

@: no status effects
A: no striking features
a: Depart the Abyss, Bend Space, Banish, Renounce Religion, Convert to Beogh


You were on level 5 of the Dungeon.
You worshipped Lugonu.
Lugonu was most pleased with you.
You were not hungry.

You visited 1 branch of the dungeon, and saw 5 of its levels.
You visited the Abyss 1 time.

You collected 317 gold pieces.

Inventory:

Hand Weapons
 a - a +1 falchion
 u - a +2 spear of venom (weapon)
Missiles
 v - 3 throwing nets (quivered)
Armour
 b - a +0 leather armour (worn)
 i - a +0 helmet (worn)
 l - a +0 cloak (worn)
 o - a +0 pair of gloves (worn)
 A - a +0 pair of boots (worn)
Jewellery
 g - a ring of protection from fire (left hand)
 t - a cursed ring of loudness (right hand)
 x - an amulet of guardian spirit (around neck)
Wands
 F - a wand of flame (17/48)
Scrolls
 d - a scroll of fog {unknown}
 f - 2 scrolls of magic mapping {unknown}
 j - 6 scrolls of identify {unknown}
 m - 4 scrolls of teleportation {unknown}
 p - 2 scrolls of fear {unknown}
 s - 2 scrolls of remove curse {unknown}
 y - a scroll of recharging {unknown}
 z - 2 scrolls of amnesia {unknown}
 C - a scroll of random uselessness {unknown}
 D - a scroll of enchant armour {unknown}
 E - a scroll of immolation {unknown}
Potions
 e - 4 potions of might {unknown}
 h - a potion of mutation {unknown}
 k - a potion of flight {unknown}
 n - a potion of curing {unknown}
 q - a potion of degeneration {unknown}
 r - a potion of magic {unknown}
 w - a potion of berserk rage {unknown}
 B - a potion of lignification {unknown}
Comestibles
 c - 3 bread rations
 G - 6 chunks of flesh


   Skills:
 + Level 5.7 Fighting
 + Level 5.1 Long Blades
 + Level 3.9 Polearms
 + Level 3.4 Armour
 + Level 3.2 Dodging
 + Level 0.3 Stealth
 + Level 3.0 Invocations


You had 6 spell levels left.
You didn't know any spells.

Dungeon Overview and Level Annotations

Branches:
Dungeon (5/15)             Temple (0/1) D:4

Altars:


Message History

The orc shouts!
The orc priest mumbles some strange prayers to Beogh against you.
Beogh smites you!
Attack whom?
Press: ? - help, Dir - move target cursor, f - ice beast
Aim: an ice beast You reach to attack!
You hit the ice beast but do no damage.
The ice beast is poisoned.
You hit the ice beast but do no damage.
The orc priest invokes the aid of Beogh against you.
Beogh smites you!
* * * LOW HITPOINT WARNING * * *
The ice beast hits you.
* * * LOW HITPOINT WARNING * * *
The ice beast freezes you!
* * * LOW HITPOINT WARNING * * *
An orc wizard comes into view. It is wielding a dagger.
The orc priest calls down the wrath of Beogh upon you.
Beogh smites you!
You die...

....... #######
....... ......###
....... ........#
....... ........#
....... ........#
##....... <......#
####........
......##
####..Y.o..oo..
#.....#
#####...@###..###..
#....####....#####
#..# ##........#.##
#..#
#.#...####....#
#..# ###.### #....#
#..# ##.# ##...#
#.. #..# ...# #.
#.## ...# #.# ####


You could see an ice beast, an orc priest and an orc.

Vanquished Creatures
  An ogre (D:5)
  6 scorpions
  A howler monkey (D:4)
  A quasit (D:5)
  A bullfrog skeleton (D:4)
  A jelly (D:4)
  A centaur skeleton (D:4)
  3 worker ants
  6 adders
  3 gnolls
  3 oozes
  2 worms (D:4)
  A dart slug (D:1)
  3 leopard geckos
  3 orcs (D:3)
  6 giant cockroaches
  7 goblins
  7 hobgoblins
  7 jackals
  3 kobolds
  2 quokkas (D:3)
  12 bats
  2 frilled lizards (D:1)
  11 rats
93 creatures vanquished.

Notes
Turn   | Place    | Note
-------+----------+-------------------------------------------
     0 | Abyss:1  | slep the Hill Orc Abyssal Knight began the quest for the Orb.
     0 | Abyss:1  | Reached XP level 1. HP: 19/19 MP: 2/2
    49 | Abyss:1  | Noticed a small abomination
    54 | D:1      | Escaped the Abyss
    65 | D:1      | Reached * piety under Lugonu
    94 | D:1      | Reached XP level 2. HP: 19/27 MP: 3/3
   327 | D:1      | Reached XP level 3. HP: 29/33 MP: 5/5
   624 | D:1      | Reached skill level 1 in Dodging
   948 | D:2      | Reached XP level 4. HP: 33/41 MP: 6/6
  1101 | D:2      | Reached ** piety under Lugonu
  1806 | D:3      | Reached XP level 5. HP: 42/47 MP: 7/7
  2199 | D:4      | Reached skill level 5 in Fighting
  2199 | D:4      | Reached XP level 6. HP: 29/56 MP: 5/8
  2316 | D:4      | Reached skill level 1 in Polearms
  2667 | D:4      | Found a staircase to the Ecumenical Temple.
  2695 | D:4      | Reached *** piety under Lugonu
  2806 | D:4      | Reached skill level 5 in Long Blades
  2806 | D:4      | Reached XP level 7. HP: 34/61 MP: 6/9
  3081 | D:5      | Entered Level 5 of the Dungeon
  3167 | D:5      | Killed from afar by an orc priest

Skill      XL: |  1  2  3  4  5  6  7 |
---------------+----------------------+-----
Fighting       | 4 5 |  5.7
Invocations    | 3 |  3.0
Dodging        | 1 2 3 |  3.2
Long Blades    | 3 4 5 |  5.1
Polearms       | 2 3 |  3.9
Armour         | 3 |  3.4
Stealth        | |  0.3

Action                   |  1- 3 |  4- 6 |  7- 9 || total
-------------------------+-------+-------+-------++-------
Melee: Falchion          |    95 |    79 |       ||   174
       Spear             |       |   105 |    46 ||   151
Invok: Depart the Abyss  |     1 |       |       ||     1
  Eat: Chunk             |       |     5 |       ||     5
       Bread ration      |       |       |     1 ||     1
Armor: Leather armour    |    36 |    64 |    32 ||   132
Dodge: Dodged            |    69 |   129 |    32 ||   230
       Rpst.: Falchion   |    26 |    20 |       ||    46
